 Dungeon Crawl Stone Soup version 0.25.0-45-g978344163c (webtiles) character file.

Game seed: 3757095073817775543

28 Descartes the Scratcher (level 3, 0/16 HPs)
             Began as a Felid Wanderer on July 11, 2020.
             Killed from afar by a dart slug (5 damage)
             ... with a slug dart
             ... on level 1 of the Dungeon.
             The game lasted 00:02:22 (933 turns).

Descartes the Scratcher (Felid Wanderer)             Turns: 933, Time: 00:02:22

Health: 0/16       AC:  1    Str:  8    XL:     3   Next: 0%
Magic:  4/4        EV: 17    Int: 13    God:
Gold:   70         SH:  0    Dex: 16    Spells: 2/2 levels left
                                        Lives:  0   Deaths: 0

rFire    . . .     SeeInvis +     - Unarmed
rCold    . . .     Gourm    .   (shield unavailable)
rNeg     . . .     Faith    .   (armour unavailable)
rPois    .         Spirit   .   (helmet unavailable)
rElec    .         Reflect  .   (cloak unavailable)
rCorr    .         Harm     .   (gloves unavailable)
MR       .....                  (boots unavailable)
Stlth    +++.......             (no amulet)
HPRegen  0.05/turn              (no ring)
MPRegen  0.09/turn              (no ring)

@: quick
A: very small, no armour, no weapons or thrown items, stealth, claws 1, fangs 3,
see invisible, carnivore, speed 1, shaggy fur 1, slow metabolism 1, sharp paws
a: no special abilities


You were on level 1 of the Dungeon.
You were completely stuffed.

You visited 1 branch of the dungeon, and saw 1 of its levels.

You collected 70 gold pieces.

Inventory:

Missiles
 h - 34 stones
Jewellery
 k - an uncursed ring of protection from cold {unknown}
Scrolls
 a - a scroll of blinking
 c - 3 scrolls of teleportation
 g - a scroll of fog {unknown}
 i - a scroll of noise {unknown}
 j - a scroll of identify {unknown}
Potions
 b - a potion of haste
 d - a potion of lignification
 e - a potion of heal wounds {unknown}
 l - a potion of might {unknown}
Comestibles
 f - a ration


   Skills:
 - Level 2.0 Fighting
 + Level 2.4 Dodging
 * Level 4.4 Stealth
 - Level 5.0 Unarmed Combat


You had 2 spell levels left.
You didn't know any spells.
Your spell library was empty.

Dungeon Overview and Level Annotations

Branches:
Dungeon (1/15)

Altars:


Innate Abilities, Weirdness & Mutations

You cannot wear armour.
You are incapable of wielding weapons or throwing items.
Your paws allow you to move quietly. (Stealth)
You have sharp claws.
You have razor-sharp teeth.
You have supernaturally acute eyesight. (SInv)
You are carnivorous and can eat meat at any time.
You cover ground quickly.
You are covered in fur. (AC +1)
You have a slow metabolism.
Your sharp claws are effective at attacking unaware monsters.


Message History

Increase (S)trength, (I)ntelligence, or (D)exterity?
You feel stronger.
All of the chunks of flesh in your inventory have rotted away.
Items here: ))) รทรท a cursed -3 club; a +0 short sword x2; a hobgoblin skeleton; a kobold skeleton Your library has no spells.
j - a scroll labeled RUUCSIFICH A dart slug comes into view.
The dart slug launches a dart at you. The slug dart hits you.
The dart slug launches a dart at you. The slug dart hits you.
You claw the dart slug! You bite the dart slug.
The dart slug is almost dead.
The dart slug bites you.
You scratch the dart slug but do no damage.
The dart slug is almost dead.
The dart slug launches a dart at you. The slug dart hits you.
You die...

#.....# ####
#.....#######
#.....).....##
#####.###..... #.#
#.#### #.###.#
#.....#
#.##########.###.#
#..w@........# #.#
############.#
#.#### #.# #.#...
### #.#... #...
#... #...
######...
#....'...


You could see a dart slug.

Vanquished Creatures
  3 dart slugs (D:1)
  3 giant cockroaches (D:1)
  3 goblins (D:1)
  4 hobgoblins (D:1)
  2 jackals (D:1)
  A bat (D:1)
  3 kobolds (D:1)
  A rat (D:1)
20 creatures vanquished.

Notes
Turn   | Place    | Note
-------+----------+-------------------------------------------
     0 | D:1      | Descartes the Felid Wanderer began the quest for the Orb.
     0 | D:1      | Descartes set off with the following items: a scroll of
                  | blinking, a potion of haste, a scroll of teleportation, a
                  | potion of lignification, a ration
     0 | D:1      | Reached XP level 1. HP: 9/9 MP: 2/2
   207 | D:1      | Reached XP level 2. HP: 13/13 MP: 3/3
   692 | D:1      | Reached XP level 3. HP: 4/16 MP: 4/4
   933 | D:1      | Killed from afar by a dart slug

Illustrated notes

Levels and vault maps discovered:
D:1:      dpeg_arrival_pits, layout_basic

Skill      XL: |  1  2 |
---------------+-------+-----
Stealth        | 3 4 |  4.4
Dodging        | 2 |  2.4
Fighting       | |  2.0
Unarmed Combat | |  5.0

Action                   || total
-------------------------++-------
Melee: Unarmed           ||    64
       Bite              ||     5
 Stab: Sleeping          ||     2
  Eat: Chunk             ||     7
Armor: Skin              ||     4
Dodge: Dodged            ||    46
